 Dungeon Crawl Stone Soup version 0.22-a0-855-g415d086bb8 (webtiles) character file.

16 LLavrengius the Caller (level 2, -2/15 HPs)
             Began as a Tengu Summoner on July 27, 2018.
             Slain by a gnoll
             ... wielding a +0 club
              (8 damage)
             ... on level 1 of the Dungeon.
             The game lasted 00:03:11 (452 turns).

LLavrengius the Caller (Tengu Summoner)              Turns: 452, Time: 00:03:11

Health: -2/15      AC:  5    Str:  8    XL:     2   Next: 58%
Magic:  3/6        EV: 10    Int: 15    God:
Gold:   8          SH:  0    Dex: 14    Spells: 4/5 levels left

rFire    . . .     SeeInvis .   f - +0 dagger
rCold    . . .     Gourm    .   (no shield)
rNeg     . . .     Faith    .   e - +0 ring mail (curse)
rPois    .         Spirit   .   (helmet restricted)
rElec    .         Reflect  .   (no cloak)
rCorr    .         Harm     .   (no gloves)
MR       .....                  (boots unavailable)
Stlth    +.........             (no amulet)
HPRegen  0.05/turn              (no ring)
MPRegen  0.10/turn              (no ring)

@: no status effects
A: beak, talons 3
a: no special abilities


You were on level 1 of the Dungeon.
You were not hungry.

You visited 1 branch of the dungeon, and saw 1 of its levels.

You collected 8 gold pieces.

Inventory:

Hand Weapons
 f - a +0 dagger (weapon)
Missiles
 b - 19 stones (quivered)
Armour
 a - a +0 robe
 e - a cursed +0 ring mail (worn)
Comestibles
 c - 2 rations
 d - 3 chunks of flesh


   Skills:
 + Level 2.6 Dodging
 - Level 2.0 Stealth
 - Level 2.0 Spellcasting
 * Level 5.4 Summonings


You had 4 spell levels left.
You knew the following spells:

 Your Spells              Type           Power        Failure   Level  Hunger
a - Summon Small Mammal   Summ           ###.         8%          1    #......

Your spell library contained the following spells:

 Spells                   Type           Power        Failure   Level  Hunger
 Summon Ice Beast         Ice/Summ       #.......     92%         4    #####..
 Call Imp                 Summ           ###.....     11%         2    ###....
 Call Canine Familiar     Summ           ###.....     22%         3    ###....
 Summon Lightning Spire   Summ/Air       #.......     92%         4    #####..
 Summon Guardian Golem    Hex/Summ       #.......     56%         3    ###....


Dungeon Overview and Level Annotations

Branches:
Dungeon (1/15)

Altars:


Innate Abilities, Weirdness & Mutations

You have a beak for a mouth.
You have claws for feet.


Message History

Confirm with . or Enter, or press ? or * to list all spells.
The gnoll hits your rat with a club!
Your rat dies!
Your rat's corpse disappears in a puff of smoke!
Your rat bites the gnoll.
Your rat bites the gnoll but does no damage.
You hit the gnoll.
The gnoll is moderately wounded.
Your quokka bites the gnoll.
The gnoll closely misses you.
Your rat closely misses the gnoll.
You hit the gnoll but do no damage. Your peck misses the gnoll.
The gnoll is moderately wounded.
Your quokka bites the gnoll but does no damage.
The gnoll hits you with a club.
Your rat bites the gnoll.
You hit the gnoll.
The gnoll is severely wounded.
Your quokka bites the gnoll but does no damage.
The gnoll hits you with a club!
Ouch! That really hurt!
You die...

.... ... ..# .# #..........
#.# #.# .# #......$..###
#.###.##.###
#...........####..........##
.............†.............#
...........................##
#!.........#.#.#............#
#..........#.................
#..........@#.#.....>....#..
##.......rg...............#
#.....%...r..............##
##.....................##..
#.....................##..
..............#..######..##
##..####.###.#..#.#####...##
...# ... .............##..
... ?. #..........##..


You could see a gnoll, a friendly quokka and a friendly rat.

Vanquished Creatures
  An ooze (D:1)
  A dart slug (D:1)
  A goblin (D:1)
  2 bats (D:1)
  A frilled lizard (D:1)
  A rat (D:1)
7 creatures vanquished.

Vanquished Creatures (collateral kills)
  A dart slug (D:1)
  A leopard gecko (D:1)
  A kobold (D:1)
  A frilled lizard (D:1)
4 creatures vanquished.

Grand Total: 11 creatures vanquished

Notes
Turn   | Place    | Note
-------+----------+-------------------------------------------
     0 | D:1      | LLavrengius the Tengu Summoner began the quest for the Orb.
     0 | D:1      | Reached XP level 1. HP: 10/10 MP: 4/4
     6 | D:1      | Reached skill level 5 in Summonings
   119 | D:1      | Reached XP level 2. HP: 12/15 MP: 6/6
   452 | D:1      | Slain by a gnoll

Vault maps used:
D:1:      lightli_iron_boxes, serial_glass, glass_columns_a, glass_columns_a

Skill      XL: |  1 |
---------------+----+-----
Summonings     | 5 |  5.4
Dodging        | |  2.6
Stealth        | |  2.0
Spellcasting   | |  2.0

Action                   || total
-------------------------++-------
Melee: Unarmed           ||    30
       Kick              ||     6
       Peck              ||     3
       Dagger            ||     3
Throw: Stone             ||     2
 Cast: Summon Small Mamm ||    11
Armor: Robe              ||     7
       Ring mail         ||     3
Dodge: Dodged            ||    36

Table legend:
 A = Spawn XP
 B = Non-spawn XP
 C = Spawn XP percentage of total XP
 D = Spawn monster count
 E = Non-spawn monster count
 F = Spawn count percentage of total count
 G = Total turns spent on level
                    A         B        C        D         E        F      G
               +---------+---------+-------+---------+---------+-------+---------
         Total |       0 |      24 |   0.0 |       0 |      11 |   0.0 |   452
               +---------+---------+-------+---------+---------+-------+---------
           D:1 |       0 |      24 |   0.0 |       0 |      11 |   0.0 |   452
               +---------+---------+-------+---------+---------+-------+---------
